 Dungeon Crawl Stone Soup version 0.25-a0-576-g50b708a4c4 (webtiles) character file.

Game seed: 10726675703895479122, levelgen mode: deterministic

38 ReteAZ the Insei (level 3, -5/31 HPs)
             Began as a Gnoll Gladiator on Mar 1, 2020.
             Slain by Sigmund
             ... wielding a +0 scythe
              (6 damage)
             ... on level 2 of the Dungeon.
             The game lasted 00:01:14 (1042 turns).

ReteAZ the Insei (Gnoll Gladiator)                  Turns: 1042, Time: 00:01:14

Health: -5/31      AC:  4    Str: 16    XL:     3   Next: 43%
Magic:  4/4        EV: 15    Int: 11    God:
Gold:   55         SH:  4    Dex: 16    Spells: 3/3 levels left

rFire    . . .     SeeInvis .     - Unarmed
rCold    . . .     Gourm    .   h - +0 buckler
rNeg     . . .     Faith    .   a - +0 leather armour
rPois    .         Spirit   .   g - +0 helmet
rElec    .         Reflect  .   (no cloak)
rCorr    .         Harm     .   (no gloves)
MR       .....                  (no boots)
Stlth    +.........             (no amulet)
HPRegen  0.10/turn              (no ring)
MPRegen  0.09/turn              (no ring)

@: no status effects
A: distributed training, fangs 1, strong nose
a: no special abilities


You were on level 2 of the Dungeon.
You were not hungry.

You visited 1 branch of the dungeon, and saw 2 of its levels.

You collected 55 gold pieces.

Inventory:

Missiles
 c - 3 throwing nets (quivered)
 m - 2 boomerangs
Armour
 a - a +0 leather armour (worn)
 b - a +0 helmet
 g - a +0 helmet (worn)
 h - a +0 buckler (worn)
Scrolls
 j - a scroll of teleportation {unknown}
 k - a scroll of identify {unknown}
 l - 2 scrolls of remove curse {unknown}
Potions
 e - a potion of invisibility {unknown}
 i - a potion of heal wounds {unknown}
Comestibles
 d - a ration
 f - 2 chunks of flesh


   Skills:
 + Level 4.5 Fighting
 + Level 0.7 Short Blades
 + Level 0.7 Long Blades
 + Level 0.7 Axes
 + Level 0.7 Maces & Flails
 + Level 0.7 Polearms
 + Level 0.7 Staves
 + Level 0.7 Slings
 + Level 0.7 Bows
 + Level 0.7 Crossbows
 + Level 4.5 Throwing
 + Level 0.7 Armour
 + Level 6.5 Dodging
 + Level 0.7 Stealth
 + Level 0.7 Shields
 + Level 6.5 Unarmed Combat
 + Level 0.7 Spellcasting
 + Level 0.5 Conjurations
 + Level 0.5 Hexes
 + Level 0.5 Charms
 + Level 0.5 Summonings
 + Level 0.5 Necromancy
 + Level 0.5 Translocations
 + Level 0.5 Transmutations
 + Level 0.5 Fire Magic
 + Level 0.5 Ice Magic
 + Level 0.5 Air Magic
 + Level 0.5 Earth Magic
 + Level 0.5 Poison Magic
 + Level 0.9 Invocations
 + Level 0.7 Evocations


You had 3 spell levels left.
You didn't know any spells.
Your spell library was empty.

Dungeon Overview and Level Annotations

Branches:
Dungeon (2/15)

Altars:

Annotations:
D:2 Sigmund


Innate Abilities, Weirdness & Mutations

Your experience applies equally to all skills.
You have very sharp teeth.
Your uncanny sense of smell can sniff out nearby items.


Message History

* * * LOW HITPOINT WARNING * * *
You closely miss Sigmund. You punch Sigmund! Your bite misses Sigmund.
Sigmund is moderately wounded.
Sigmund barely misses you.
You barely miss Sigmund.
Sigmund is moderately wounded.
Sigmund points at you and mumbles some strange words.
You resist with significant effort.
You hit Sigmund. Your bite misses Sigmund.
Sigmund is moderately wounded.
You hit Sigmund. Your bite misses Sigmund.
Sigmund is moderately wounded.
Sigmund casts a spell.
Sigmund flickers and vanishes!
Deactivating autopickup; reactivate with Ctrl-A.
You hit something. Something hits you!
* * * LOW HITPOINT WARNING * * *
You closely miss something. Your bite misses something. Something hits you.
You die...

#.# #.# #.# #.# #.# #.#
#.# #.# ##.####### #.#
#..#.....# #.#
#########.##.....# #.#
........#.##.....####.#
.######.#.##...{@.....#
.#....#.#÷##.....######
.#.##(#.#.##.....#
.#.#<.#.#.##.#####
.#.#..#.#.##
.#.####.#.# ÷#......#.#
.########.##
...........#


There were no monsters in sight!

Vanquished Creatures
  An adder (D:2)
  An ooze (D:1)
  A worm (D:2)
  5 goblins
  2 kobolds
  A quokka (D:1)
  3 bats (D:1)
  A frilled lizard (D:1)
  10 rats
25 creatures vanquished.

Notes
Turn   | Place    | Note
-------+----------+-------------------------------------------
     0 | D:1      | ReteAZ the Gnoll Gladiator began the quest for the Orb.
     0 | D:1      | Reached XP level 1. HP: 20/20 MP: 1/1
   102 | D:1      | Reached XP level 2. HP: 24/26 MP: 2/2
   822 | D:2      | Reached XP level 3. HP: 31/31 MP: 3/3
  1028 | D:2      | Noticed Sigmund
  1041 | D:2      | HP: 1/31 [something (8)]
  1042 | D:2      | Slain by Sigmund

Levels and vault maps discovered:
D:1:      onia_arrival_larder, layout_basic
D:2:      layout_basic, chequers_decorated_corner, uniq_sigmund

Action                   || total
-------------------------++-------
Melee: Unarmed           ||    79
       Bite              ||     6
       Punch             ||     2
 Stab: Distracted        ||     1
       Sleeping          ||     1
Armor: Leather armour    ||    12
Dodge: Dodged            ||    44
Block: Buckler           ||     5

Table legend:
 A = Non-vault XP
 B = Vault XP
 C = Vault XP percentage of total XP
 D = Non-vault monster count
 E = Vault monster count
 F = Vault count percentage of total count
                 A         B        C        D         E       F
            +---------+---------+-------+---------+---------+-------
      Total |      49 |       6 |  10.9 |      20 |       5 |  20.0
            +---------+---------+-------+---------+---------+-------
        D:1 |      27 |       6 |  18.2 |      15 |       5 |  25.0
        D:2 |      22 |       0 |   0.0 |       5 |       0 |   0.0
            +---------+---------+-------+---------+---------+-------
